[Event "CZE-ch U14 2020"]
[Site "Kouty nad Desnou"]
[Date "2020.03.12"]
[Round "7.8"]
[White "Richter, Rudolf"]
[Black "Tajovsky, Simon"]
[Result "1/2-1/2"]
[ECO "A30"]
[WhiteElo "1555"]
[BlackElo "1512"]
[Annotator "NA"]
[PlyCount "92"]
[EventDate "2020.03.07"]
[EventCountry "CZE"]
[SourceTitle "playchess.com"]
[Source "ChessBase"]
[SourceQuality "1"]
[TimeControl "5400+30"]

1. Nf3 Nf6 2. c4 c5 3. g3 b6 4. Bg2 Bb7 5. Nc3 e6 6. O-O Be7 7. Re1 O-O 8. e4 d6 9. d4 cxd4 10. Nxd4 a6 11. e5 dxe5 12. Bxb7 Ra7 13. Nc6 Qxd1 14. Nxe7+ Kh8 15. Rxd1 Rxb7 16. Ned5 exd5 17. cxd5 Rd7 18. Bg5 Rfd8 19. Rd2 Nc6 20. Bxf6 gxf6 21. Rad1 Nd4 22. Kg2 Kg7 23. f3 b5 24. b4 Rc7 25. Rd3 Kg6 26. Kf2 Rdc8 27. Ne2 Rc2 28. R1d2 Rxd2 29. Rxd2 Rc2 30. Rxc2 Nxc2 31. a3 f5 32. Nc1 Nxa3 33. Nd3 Kf6 34. Nc5 Nc2 35. Nxa6 Ke7 36. Nc7 Nxb4 37. Nxb5 Nxd5 38. Na3 Ke6 39. Nc4 f4 40. gxf4 Nxf4 41. Ne3 f5 42. Kg3 h6 43. h3 Nd5 44. Ng2 e4 45. fxe4 fxe4 46. Kh4 Kf6 1/2-1/2

[Event "CZE-ch U14 2020"]
[Site "Kouty nad Desnou"]
[Date "2020.03.12"]
[Round "7.9"]
[White "Stocek, Martin"]
[Black "Mrazek, Roman"]
[Result "1/2-1/2"]
[ECO "D45"]
[WhiteElo "1772"]
[BlackElo "1839"]
[Annotator "NA"]
[PlyCount "60"]
[EventDate "2020.03.07"]
[EventCountry "CZE"]
[SourceTitle "playchess.com"]
[Source "ChessBase"]
[SourceQuality "1"]
[TimeControl "5400+30"]

1. d4 d5 2. c4 c6 3. e3 Nf6 4. Nc3 e6 5. Nf3 Nbd7 6. cxd5 exd5 7. Bd3 Bd6 8. O-O O-O 9. Bd2 Re8 10. Qc2 Nf8 {[%emt 0:05:36] [#]} 11. Rfb1 $146 {[%emt 0:12:16] D45: Semi-Slav: 5 e3.} ({Predecessor:} 11. e4 Nxe4 12. Nxe4 dxe4 13. Bxe4 {½-½ (13) Tsyhanchuk,S (2285)-Odnorozhenko,E (2317) Yakutsk 2012}) 11... Qe7 12. Na4 (12. h3 $11) 12... Ne4 13. Be1 Ng6 14. b4 Nh4 (14... Bg4 $17 15. Nd2 Nh4) 15. Nxh4 (15. Bxe4 $15 dxe4 16. Nxh4 Qxh4 17. f4) 15... Qxh4 16. g3 Qh6 17. b5 (17. Bf1 $17) 17... Ng5 18. h4 $2 (18. Be2 Nh3+ 19. Kh1) 18... Nf3+ 19. Kg2 {[%emt 0:30:05] [#]} Nxh4+ $1 20. gxh4 Qxh4 21. Bxh7+ Kh8 22. f4 Qh3+ ({Not} 22... Qxh7 23. Qxh7+ Kxh7 24. bxc6 $17) 23. Kg1 Qxh7 $2 (23... Rxe3 $19 {and Black stays clearly on top.} 24. Bg6 fxg6) 24. Qxh7+ Kxh7 25. bxc6 bxc6 26. Kf2 Ba6 (26... Bf5 $142 27. Rc1 Rac8) 27. Rc1 Bb5 28. Nc5 $17 Bxc5 29. dxc5 Bc4 30. Bc3 f6 1/2-1/2

[Event "CZE-ch U14 2020"]
[Site "Kouty nad Desnou"]
[Date "2020.03.12"]
[Round "7.10"]
[White "Vaclavik, Jan"]
[Black "Mohapl, Tomas"]
[Result "1/2-1/2"]
[ECO "A45"]
[WhiteElo "1791"]
[BlackElo "1654"]
[Annotator "NA RC"]
[PlyCount "105"]
[EventDate "2020.03.07"]
[EventCountry "CZE"]
[SourceTitle "playchess.com"]
[Source "ChessBase"]
[SourceQuality "1"]
[TimeControl "5400+30"]

1. d4 Nf6 2. Bf4 d5 3. e3 Bf5 4. c4 c6 5. Qb3 Qb6 6. Nf3 Qxb3 7. axb3 Nbd7 8. Nc3 e6 9. Be2 Nh5 10. Kd2 Nxf4 11. exf4 Bd6 12. g3 Nf6 13. Ra4 a6 14. c5 Bc7 15. b4 Ke7 16. Re1 Ng4 17. Rf1 h6 18. h4 Rag8 19. Raa1 f6 20. h5 g5 21. hxg6 Bxg6 22. Nh4 Be8 23. f3 Nh2 24. Rg1 Rxg3 25. Ke3 Ng4+ 26. Kd3 Bxf4 27. Kc2 Ne3+ 28. Kb3 Rhg8 29. Rge1 Ng2 30. Nxg2 Rxg2 31. Bf1 Rf2 32. b5 axb5 33. Ra7 Rg1 34. Rxb7+ Kf8 35. Rxe6 Rfxf1 36. Rxf6+ Kg8 37. Rxf4 h5 38. Rb8 Re1 39. Rh4 Kg7 40. Rh2 Bg6 41. Rb6 Be8 42. Rb8 Rg3 43. Rf2 Re3 44. Rc8 h4 45. f4 h3 46. f5 Kf6 47. Rd8 Rg2 48. Rd6+ Kf7 49. Rxg2 hxg2 50. Rg6 Rf3 51. Rxg2 Rxf5 52. Kb4 Rf4 53. Rd2 1/2-1/2

[Event "CZE-ch U14 2020"]
[Site "Kouty nad Desnou"]
[Date "2020.03.12"]
[Round "7.11"]
[White "Vilimek, Vit"]
[Black "Licka, Denis"]
[Result "0-1"]
[ECO "B20"]
[WhiteElo "1695"]
[BlackElo "1594"]
[Annotator "NA RC"]
[PlyCount "46"]
[EventDate "2020.03.07"]
[EventCountry "CZE"]
[SourceTitle "playchess.com"]
[Source "ChessBase"]
[SourceQuality "1"]
[TimeControl "5400+30"]

1. e4 c5 2. a3 d5 3. exd5 Nf6 4. b4 cxb4 5. Bb2 Nxd5 6. Bc4 e6 7. Nf3 Nc6 8. O-O Nf6 9. axb4 Bxb4 10. c3 Be7 11. d4 O-O 12. Bd3 h6 13. Re1 a6 14. Qc2 Nd5 15. Kh1 Qc7 16. Rg1 Nf4 17. Nbd2 Nxd3 18. Qxd3 b5 19. Ne4 Bb7 20. g4 Rfd8 21. g5 hxg5 22. Nexg5 Bxg5 23. Nxg5 Ne5+ 0-1

[Event "CZE-ch U14 2020"]
[Site "Kouty nad Desnou"]
[Date "2020.03.12"]
[Round "7.12"]
[White "Zednicek, Filip"]
[Black "Kanak, Matyas"]
[Result "0-1"]
[ECO "B22"]
[WhiteElo "1365"]
[BlackElo "1499"]
[Annotator "NA"]
[PlyCount "103"]
[EventDate "2020.03.07"]
[EventCountry "CZE"]
[SourceTitle "playchess.com"]
[Source "ChessBase"]
[SourceQuality "1"]
[TimeControl "5400+30"]

1. e4 c5 2. c3 d5 3. exd5 Qxd5 4. d4 g6 5. Nf3 Bg7 6. Be2 Nf6 7. O-O O-O 8. dxc5 Qxc5 9. Be3 Qc7 10. Nbd2 Nc6 11. Bd3 Rd8 12. Qe2 Nd5 13. Rfe1 a6 14. Bc2 Nxe3 15. Qxe3 b5 16. Nb3 e6 17. Rad1 Bb7 18. Nc5 Rac8 19. Bb3 Na5 20. Nxb7 Qxb7 21. Nd2 Nxb3 22. Nxb3 Qc7 23. Nd2 Rd5 24. Ne4 Rcd8 25. Rxd5 Rxd5 26. f4 Rf5 27. g3 Rd5 28. Ng5 Rd6 29. Nf3 Qd7 30. Re2 Rd3 31. Qf2 Qd5 32. Ne1 Rd1 33. a3 Bf8 34. Qg2 Bc5+ 35. Kf1 Qd6 36. Qe4 Qd7 37. Qe5 Ba7 38. Kg2 Rd5 39. Qe4 Qb7 40. Nf3 Qd7 41. Ne5 Qd6 42. Ng4 Qd8 43. Nh6+ Kg7 44. Ng4 Qa8 45. Ne5 Qc8 46. Nd3 Bc5 47. c4 bxc4 48. Qxc4 Qb7 49. Kf1 Rxd3 50. Qxc5 Qh1+ 51. Qg1 Rd1+ 52. Re1 0-1